 Dungeon Crawl Stone Soup version 0.29.1-13-g9f3cf754e1 (webtiles) character file.

Game seed: 6541537718878486548

3 Thatpatchoflichen the Trooper (level 1, 0/18 HPs)
             Began as a Mummy Monk on Jan 26, 2023.
             Slain by an adder (2 damage)
             ... on level 1 of the Dungeon.
             The game lasted 00:01:23 (359 turns).

Thatpatchoflichen the Trooper (Mummy Monk)           Turns: 359, Time: 00:01:24

Health: 0/18       AC:  3    Str: 14    XL:     1   Next: 41%
Magic:  1/1        EV: 12    Int:  9    God:
Gold:   19         SH:  0    Dex: 14    Spells: 0/0 levels left

rFire   x . .      SeeInvis .     - Unarmed
rCold   + . .      Faith    .   (no shield)
rNeg    + + +      Spirit   .   d - +0 leather armour
rPois   ∞          Reflect  .   (no helmet)
rElec   .          Harm     .   (no cloak)
rCorr   .          Rampage  .   (no gloves)
Will    .....                   (no boots)
Stlth   ++........              (no amulet)
HPRegen 0.06/turn               (no ring)
MPRegen 0.07/turn               (no ring)

@: no status effects
A: cold resistance 1, negative energy resistance 3, torment resistance 2, heat
vulnerability 1, no potions
a: no special abilities


You were on level 1 of the Dungeon.
You visited 1 branch of the dungeon, and saw 2 of its levels.

You collected 19 gold pieces.

Inventory:

Armour
 a - a +0 robe
 d - a +0 leather armour (worn)
Scrolls
 c - a scroll of noise {unknown}


   Skills:
 + Level 3.0 Fighting
 + Level 2.5 Dodging
 - Level 1.5 Stealth
 + Level 2.5 Unarmed Combat


You couldn't memorise any spells.
You didn't know any spells.
Your spell library was empty.

Dungeon Overview and Level Annotations

Branches:
Dungeon (2/15)

Altars:


Innate Abilities, Weirdness & Mutations

You are immune to poison.
Your flesh is cold resistant. (rC+)
You are immune to negative energy. (rN+++)
You are immune to unholy pain and torment.
You are vulnerable to heat. (rF-)
You do not drink.


Message History

The adder bites you but does no damage. The gnoll barely misses you.
The adder bites you but does no damage.
You hit the adder.
The adder is heavily wounded.
The gnoll closely misses you. The adder bites you but does no damage.
You closely miss the adder.
The adder is heavily wounded.
The adder closely misses you. The gnoll closely misses you.
You hit the adder.
The adder is heavily wounded.
The adder bites you.
* * * LOW HITPOINT WARNING * * *
The gnoll closely misses you.
As you read the scroll labelled GYNWET GUXKURPH, it crumbles to dust.
You assume a fearsome visage.
The adder looks frightened!
The gnoll looks frightened!
It was a scroll of fear.
Cornered, the adder turns to fight!
The adder closely misses you.
You miss the adder.
The adder is heavily wounded.
The adder bites you but does no damage.
You closely miss the adder.
The adder is heavily wounded.
The adder closely misses you. The adder barely misses you.
You hit the adder.
The adder is severely wounded.
The adder bites you but does no damage.
You barely miss the adder.
The adder is severely wounded.
The adder bites you.
* * * LOW HITPOINT WARNING * * *
You closely miss the adder.
The adder is severely wounded.
The adder barely misses you.
You hit the adder but do no damage.
The adder is severely wounded.
The adder bites you.
* * * LOW HITPOINT WARNING * * *
The adder bites you.
You die...

#####################
............g......>#
....##..########.####
....##.## #.#########
....##.# #.#....^..#
....##.# #@#.......#
...)...# #S#.......#
###.#### #.+.......#
##.# ####.......####
##..# #..............
#..##
###.###....######
..## #...# ###### .##
#.### .# ##.#


You could see an adder.

Vanquished Creatures
  A giant cockroach (D:1)
  A kobold (D:1)
  A bat (D:1)
3 creatures vanquished.

Notes
Turn   | Place    | Note
-------+----------+-------------------------------------------
     0 | D:1      | Thatpatchoflichen the Mummy Monk began the quest for the
                  | Orb.
     0 | D:1      | Reached XP level 1. HP: 18/18 MP: 1/1
   359 | D:1      | Slain by an adder

Illustrated notes

Levels and vault maps discovered:
D:1:      heliophobic_arrival_ceremonial_halls, layout_basic,
          shapermc_ecumenical_altar_venn
D:2:      layout_rooms

Action                   || total
-------------------------++-------
Melee: Unarmed           ||    29
  Use: Scroll            ||     1
 Stab: Sleeping          ||     1
Armor: Robe              ||     8
       Leather armour    ||     7
Dodge: Dodged            ||    29
